[Event "ICC tourney 2714 (40 10)"]
[Site "Internet Chess Club"]
[Date "2021.10.23"]
[Round "2"]
[White "Batra, Ansh:K09-16342642"]
[Black "SHAKIROV, DIYOR:Diyor"]
[Result "0-1"]
[ICCResult "White resigns"]
[WhiteElo "947"]
[BlackElo "1172"]
[Opening "Sicilian: closed"]
[ECO "B23"]
[NIC "SI.44"]
[Time "13:15:35"]
[PlyCount "76"]
[TimeControl "2400+10"]

1. e4 c5 2. Nc3 d6 3. f4 g6 4. Nf3 Bg7 5. Bc4 Nf6 6. d3 O-O 7. O-O Nc6 8.
Qe1 Bg4 9. h3 Bxf3 10. Rxf3 Nd4 11. Rf2 a6 12. a4 b5 13. axb5 axb5 14. Rxa8
Qxa8 15. Nxb5 Nxb5 16. Bxb5 Rb8 17. Bc4 Qa1 18. c3 e6 19. e5 dxe5 20. fxe5
Nd7 21. d4 cxd4 22. cxd4 Rc8 23. Rc2 Nb6 24. Bb3 Rxc2 25. Bxc2 Nc4 26. Bd2
Qxb2 27. Qb1 Qxb1+ 28. Bxb1 Nxd2 29. Ba2 Bh6 30. d5 exd5 31. Bxd5 Be3+ 32.
Kh2 Bf4+ 33. g3 Bxe5 34. Kg2 Kg7 35. g4 Kf6 36. Kf2 Nb1 37. Kf3 h6 38. Bb3
Nd2+ {White resigns} 0-1

[Event "ICC tourney 2714 (40 10)"]
[Site "Internet Chess Club"]
[Date "2021.10.23"]
[Round "2"]
[White "SAWYER, TIMOTHY A:tasawyer81"]
[Black "Madhav, Atishay:atishaychess"]
[Result "1-0"]
[ICCResult "Black checkmated"]
[WhiteElo "771"]
[BlackElo "471"]
[Opening "Queen's gambit declined"]
[ECO "D30"]
[NIC "QP.08"]
[Time "13:16:04"]
[PlyCount "51"]
[TimeControl "2400+10"]

1. d4 d5 2. c4 e6 3. Nf3 Nc6 4. Nc3 Nf6 5. Qc2 Nb4 6. Qa4+ Bd7 7. Qd1 Ng4 8.
a3 Nc6 9. h3 Nh6 10. Bf4 Qf6 11. e3 Nf5 12. Nb5 Nd6 13. Nxc7+ Kd8 14. Nxa8
Kc8 15. Bg5 Qg6 16. Bd3 Ne4 17. O-O dxc4 18. Bxc4 Nxg5 19. Bd3 Nxf3+ 20.
Qxf3 Qxd3 21. Qf4 Kd8 22. Qc7+ Ke8 23. Qxb7 Nd8 24. Nc7+ Ke7 25. Qxa7 Kd6
26. Qc5# {Black checkmated} 1-0

[Event "ICC tourney 2714 (40 10)"]
[Site "Internet Chess Club"]
[Date "2021.10.23"]
[Round "2"]
[White "MADSEN, STUART:gmstuartscott"]
[Black "SARAVIA, KYLE AUSTIN:Kyle45"]
[Result "0-1"]
[ICCResult "White resigns"]
[WhiteElo "674"]
[BlackElo "1289"]
[Opening "QGD: 4.Nf3"]
[ECO "D37"]
[NIC "QO.16"]
[Time "13:15:31"]
[PlyCount "66"]
[TimeControl "2400+10"]

1. d4 Nf6 2. c4 e6 3. Nc3 d5 4. Nf3 b6 5. Bd2 Bb7 6. e3 Nbd7 7. Bd3 Bd6 8.
b3 O-O 9. Rc1 Rc8 10. Bb1 c5 11. O-O Re8 12. e4 dxe4 13. Ng5 cxd4 14. Ncxe4
Nxe4 15. Qc2 f5 16. Nxe4 Bxe4 17. Qd1 Bxb1 18. Rxb1 Nf6 19. f3 e5 20. Bg5 e4
21. fxe4 Rxe4 22. Rxf5 Be7 23. Qf3 Re6 24. Bxf6 Rxf6 25. Qd3 Rxf5 26. Qxf5
d3 27. Rd1 Qd4+ 28. Kh1 Rd8 29. Qxd3 Qxd3 30. Rxd3 Rxd3 31. h3 Bd6 32. g3
Bxg3 33. Kg2 Bd6 {White resigns} 0-1

[Event "ICC tourney 2714 (40 10)"]
[Site "Internet Chess Club"]
[Date "2021.10.23"]
[Round "2"]
[White "MCAVOY, JESSE COLE:BlueDuck"]
[Black "SHI, WARREN:warren200"]
[Result "0-1"]
[ICCResult "White resigns"]
[WhiteElo "899"]
[BlackElo "607"]
[Opening "King's gambit"]
[ECO "C30"]
[NIC "KG.05"]
[Time "13:15:37"]
[PlyCount "56"]
[TimeControl "2400+10"]

1. e4 e5 2. f4 Nc6 3. Nf3 exf4 4. Bc4 h6 5. d4 Bd6 6. O-O Nge7 7. e5 Bb4 8.
c3 Ba5 9. b4 Bb6 10. Bxf4 d5 11. exd6 cxd6 12. Nbd2 d5 13. Bb3 Ng6 14. Bg3
O-O 15. a4 a6 16. b5 axb5 17. axb5 Rxa1 18. Qxa1 Nce7 19. Ne5 Bc7 20. Ndf3
Nxe5 21. Bxe5 Bxe5 22. Nxe5 Nf5 23. Qc1 f6 24. g4 fxe5 25. Rxf5 Bxf5 26.
gxf5 Rxf5 27. dxe5 Qg5+ 28. Kh1 Qxc1+ {White resigns} 0-1

[Event "ICC tourney 2714 (40 10)"]
[Site "Internet Chess Club"]
[Date "2021.10.23"]
[Round "2"]
[White "LOWENFELD, ANNA:LionsAnnaL"]
[Black "PAQUET, BENJAMIN:BenPaquet"]
[Result "0-1"]
[ICCResult "White checkmated"]
[WhiteElo "590"]
[BlackElo "901"]
[Opening "Ruy Lopez: Bird's defense"]
[ECO "C61"]
[NIC "RL.05"]
[Time "13:15:32"]
[PlyCount "44"]
[TimeControl "2400+10"]

1. e4 e5 2. Nf3 Nc6 3. Bb5 Nd4 4. Nxd4 exd4 5. d3 Bc5 6. Nd2 Ne7 7. Nb3 Bb6
8. Bg5 h6 9. Bh4 O-O 10. O-O Qe8 11. Qd2 Ng6 12. Rfe1 Nxh4 13. g3 Nf3+ 14.
Kg2 Nxd2 15. Nxd2 c6 16. Bc4 d6 17. Nf3 Be6 18. Bxe6 fxe6 19. e5 dxe5 20.
Rxe5 Qf7 21. Rae1 Qxf3+ 22. Kf1 Qxf2# {White checkmated} 0-1

[Event "ICC tourney 2714 (40 10)"]
[Site "Internet Chess Club"]
[Date "2021.10.23"]
[Round "2"]
[White "Madhav, Krishay:krishaychess"]
[Black "HARWIN, JACOB FLYNN:jharwin2011"]
[Result "1-0"]
[ICCResult "Black checkmated"]
[WhiteElo "669"]
[BlackElo "965"]
[Opening "Giuoco Piano"]
[ECO "C50"]
[NIC "IG.02"]
[Time "13:15:38"]
[PlyCount "125"]
[TimeControl "2400+10"]

1. e4 e5 2. Nf3 Nc6 3. Bc4 Bc5 4. O-O Nf6 5. Nc3 O-O 6. d3 d6 7. Be3 Bg4 8.
a3 Nd4 9. Bxd4 Bxd4 10. Rb1 c6 11. b4 d5 12. h3 Bh5 13. g4 Nxg4 14. hxg4
Bxg4 15. Nxd5 cxd5 16. Bxd5 Qf6 17. Bxb7 Qg6 18. Nxe5 Bf3+ 19. Nxg6 Bxd1 20.
Rbxd1 fxg6 21. Bd5+ Kh8 22. Kg2 Rac8 23. c4 Bb2 24. a4 Bc3 25. b5 Rf6 26.
Rc1 Bd2 27. Rc2 Bh6 28. f3 Rf4 29. Re2 Rh4 30. Kg3 Rh5 31. e5 Rf8 32. Re4
Rg5+ 33. Kf2 Rgf5 34. Re2 Bg5 35. Ke1 Bh4+ 36. Kd1 Bg3 37. e6 Re8 38. Bc6
Re7 39. Bd7 g5 40. Rg1 Rxf3 41. Kc2 Bf4 42. Kb3 Rxd3+ 43. Kb4 Bd2+ 44. Kc5
Be3+ 45. Kc6 Bxg1 46. Kc7 Rc3 47. Kd8 Bc5 48. Re5 Rxc4 49. Rxc5 Rxc5 50.
Kxe7 Re5 51. Kd6 Re2 52. e7 h5 53. a5 g4 54. b6 axb6 55. axb6 g3 56. b7 Rd2+
57. Kc7 Rxd7+ 58. Kxd7 g2 59. e8=Q+ Kh7 60. Qe4+ g6 61. Qxg2 Kh6 62. b8=Q h4
63. Qh8# {Black checkmated} 1-0

[Event "ICC tourney 2714 (40 10)"]
[Site "Internet Chess Club"]
[Date "2021.10.23"]
[Round "2"]
[White "MENON, DHRUV:dmenon25"]
[Black "Wu, Zhuoyuan:Jake000"]
[Result "0-1"]
[ICCResult "White checkmated"]
[WhiteElo "1202"]
[BlackElo "1002"]
[Opening "Sicilian: dragon variation"]
[ECO "B70"]
[NIC "SI.15"]
[Time "13:15:32"]
[PlyCount "68"]
[TimeControl "2400+10"]

1. e4 c5 2. Nf3 d6 3. d4 cxd4 4. Nxd4 Nf6 5. Nc3 g6 6. Bc4 Bg7 7. O-O Nc6 8.
Nxc6 bxc6 9. Bf4 O-O 10. Qd2 Bb7 11. Bh6 d5 12. Bxg7 Kxg7 13. exd5 cxd5 14.
Bd3 Qb6 15. b3 a6 16. Kh1 Qc6 17. f3 Rac8 18. Ne2 e5 19. Ng3 e4 20. fxe4
dxe4 21. Bc4 Ng4 22. Qg5 e3 23. Nf5+ Kh8 24. Qxg4 gxf5 25. Qf3 Qxf3 26. gxf3
Rce8 27. Rae1 f4 28. Bd3 Rg8 29. Bc4 Rg7 30. Bd3 Reg8 31. Re2 Bxf3+ 32. Rg2
Bxg2+ 33. Kg1 Bf3+ 34. Bg6 Rxg6# {White checkmated} 0-1

[Event "ICC tourney 2714 (40 10)"]
[Site "Internet Chess Club"]
[Date "2021.10.23"]
[Round "2"]
[White "FILOSOFOV, VASILII:Filosofov"]
[Black "SHAH-GUSTAFSSON, LINNEA:Saga44"]
[Result "1-0"]
[ICCResult "Black resigns"]
[WhiteElo "1308"]
[BlackElo "1146"]
[Opening "Petrov: French attack"]
[ECO "C42"]
[NIC "RG.03"]
[Time "13:15:27"]
[PlyCount "115"]
[TimeControl "2400+10"]

1. e4 e5 2. Nf3 Nf6 3. Nxe5 d6 4. Nf3 Nxe4 5. d3 Nf6 6. Nc3 c6 7. Be2 Be7 8.
O-O O-O 9. d4 Bf5 10. Re1 Nbd7 11. Bd3 Bxd3 12. Qxd3 d5 13. Bf4 Re8 14. Ne5
Nxe5 15. Bxe5 Bb4 16. Re3 Re6 17. Rae1 Ne4 18. f3 Nxc3 19. bxc3 Bd6 20. Bxd6
Qxd6 21. Rxe6 fxe6 22. c4 Qd7 23. c5 Re8 24. Qe3 Qf7 25. Qe5 a6 26. Qd6 Qg6
27. Re2 Qf6 28. c3 Qf5 29. Kf2 Qg6 30. Qd7 Qf7 31. Qxf7+ Kxf7 32. Kg3 Kf6
33. Re5 g5 34. Kg4 h6 35. Kh5 Kg7 36. a4 Re7 37. a5 Re8 38. h4 gxh4 39. Kxh4
Kg6 40. f4 Kf7 41. Kh5 Rg8 42. g4 Kf6 43. f5 exf5 44. Rxf5+ Ke6 45. Re5+ Kf6
46. Kh4 Rg5 47. Rxg5 hxg5+ 48. Kh5 Kf7 49. Kxg5 Kg7 50. Kf5 Kf7 51. g5 Kg7
52. Ke6 Kg6 53. Kd7 Kxg5 54. Kc7 Kf4 55. Kxb7 Ke4 56. Kxc6 Kd3 57. Kxd5 Kxc3
58. c6 {Black resigns} 1-0

[Event "ICC tourney 2714 (40 10)"]
[Site "Internet Chess Club"]
[Date "2021.10.23"]
[Round "2"]
[White "ANGEL, BORYS:BArkadia"]
[Black "LABELLE, MATTHEW NICHOLAS:LaBelleM"]
[Result "1-0"]
[ICCResult "Black checkmated"]
[WhiteElo "1380"]
[BlackElo "1125"]
[Opening "Sicilian: accelerated fianchetto, Maróczy bind, 5...Bg7"]
[ECO "B37"]
[NIC "SI.33"]
[Time "13:15:32"]
[PlyCount "63"]
[TimeControl "2400+10"]

1. e4 c5 2. Nf3 g6 3. d4 cxd4 4. Nxd4 Nc6 5. c4 Bg7 6. Nxc6 bxc6 7. Nc3 e6
8. Bf4 Ne7 9. Bd6 Bb7 10. c5 Nc8 11. Bg3 Qa5 12. Rc1 Qxc5 13. Nd5 Qa5+ 14.
b4 Qa3 15. Nc7+ Kf8 16. Qd2 Rb8 17. Be2 d5 18. O-O e5 19. exd5 cxd5 20. Nxd5
Bxd5 21. Qxd5 Ne7 22. Qd6 Qxb4 23. Rc8+ Rxc8 24. Qxb4 Bf6 25. f4 exf4 26.
Bxf4 Kg7 27. Bh6+ Kxh6 28. Rxf6 Nf5 29. Rxf7 Rhe8 30. Qf4+ g5 31. Qxf5 Rxe2
32. Rxh7# {Black checkmated} 1-0

[Event "ICC tourney 2714 (40 10)"]
[Site "Internet Chess Club"]
[Date "2021.10.23"]
[Round "2"]
[White "PAN, CHRIS:Chris0708"]
[Black "DIAO, RUBY SIMU:RubyD"]
[Result "0-1"]
[ICCResult "White resigns"]
[WhiteElo "1300"]
[BlackElo "1046"]
[Opening "Four knights: Italian variation"]
[ECO "C47"]
[NIC "KP.06"]
[Time "13:15:34"]
[PlyCount "110"]
[TimeControl "2400+10"]

1. e4 e5 2. Nf3 Nc6 3. Nc3 Nf6 4. Bc4 Bb4 5. Ng5 O-O 6. Nxf7 Rxf7 7. Bxf7+
Kxf7 8. d3 d5 9. O-O dxe4 10. Nxe4 Nxe4 11. dxe4 Qf6 12. Qh5+ Kg8 13. Rd1
Be6 14. Bg5 Qf8 15. c3 Bc5 16. Qe2 Qf7 17. b3 Qg6 18. Bh4 Bh3 19. Bg3 Bg4
20. Qd2 Bxd1 21. Rxd1 a5 22. Qd5+ Qf7 23. Qxc5 Qh5 24. f3 a4 25. b4 Qf7 26.
a3 Qb3 27. Qd5+ Kf8 28. Qxb3 axb3 29. Ra1 Kf7 30. a4 Ke6 31. Rb1 Rxa4 32.
Rxb3 Ra2 33. f4 g6 34. fxe5 Nxe5 35. h3 Re2 36. Rb1 Rxe4 37. Bxe5 Kxe5 38.
Kf2 Kd5 39. Rc1 Kc4 40. Kf3 Re6 41. h4 Kb3 42. g4 Rc6 43. b5 Rxc3+ 44. Rxc3+
Kxc3 45. Ke3 Kc4 46. b6 cxb6 47. Kd2 Kd4 48. Ke2 b5 49. Kd2 b4 50. Kc2 Ke4
51. Kb3 Kf4 52. Kxb4 Kxg4 53. Kb5 Kxh4 54. Kb6 g5 55. Kxb7 g4 {White
resigns} 0-1

[Event "ICC tourney 2714 (40 10)"]
[Site "Internet Chess Club"]
[Date "2021.10.23"]
[Round "2"]
[White "GANAPATHY, AISHWARYA LAKSHMI:alg142"]
[Black "YAMASAKI, DAWSON YOSHIO:Darston"]
[Result "1-0"]
[ICCResult "Black checkmated"]
[WhiteElo "1135"]
[BlackElo "1198"]
[Opening "Budapest: Adler variation"]
[ECO "A52"]
[NIC "QG.01"]
[Time "13:15:31"]
[PlyCount "125"]
[TimeControl "2400+10"]

1. d4 Nf6 2. c4 e5 3. dxe5 Ng4 4. Nf3 Bc5 5. e3 Nc6 6. Nc3 Ngxe5 7. Be2 d6
8. O-O O-O 9. Na4 Nxf3+ 10. Bxf3 Ne5 11. Be2 Qh4 12. Nxc5 dxc5 13. f4 Ng4
14. Bxg4 Bxg4 15. Qe1 Qf6 16. Bd2 Qxb2 17. Bc3 Qc2 18. Rc1 Qg6 19. e4 Bd7
20. f5 Qh5 21. Qg3 g6 22. Rf4 g5 23. Rg4 f6 24. h4 h6 25. hxg5 hxg5 26. Bxf6
Kf7 27. Rxg5 Qh6 28. Rg7+ Kxf6 29. Rg6+ Qxg6 30. Qxg6+ Ke7 31. Qg7+ Rf7 32.
Qe5+ Kd8 33. Qxc5 Bc6 34. Qd4+ Ke8 35. Qh8+ Rf8 36. Qe5+ Kd7 37. Rd1+ Kc8
38. Qe6+ Kb8 39. Qe7 Rc8 40. f6 b6 41. Rd8 Kb7 42. Rxc8 Rxc8 43. f7 a6 44.
f8=Q a5 45. Qxc8+ Kxc8 46. g4 b5 47. cxb5 Bxb5 48. g5 a4 49. g6 a3 50. g7
Bc4 51. g8=Q+ Bxg8 52. Qe8+ Kb7 53. Qxg8 c5 54. Qb3+ Kc6 55. Qxa3 Kd6 56.
e5+ Kd5 57. e6 c4 58. e7 c3 59. e8=Q c2 60. Qd3+ Kc5 61. Qc8+ Kb6 62. Qb3+
Ka7 63. Qbb7# {Black checkmated} 1-0

[Event "ICC tourney 2714 (40 10)"]
[Site "Internet Chess Club"]
[Date "2021.10.23"]
[Round "2"]
[White "procopio, Patti:prostripe"]
[Black "DELABRE, TONY:tdelabre62"]
[Result "1-0"]
[ICCResult "Black resigns"]
[WhiteElo "1047"]
[BlackElo "1177"]
[Opening "King's Indian: London system"]
[ECO "A45"]
[NIC "QP.03"]
[Time "13:15:31"]
[PlyCount "73"]
[TimeControl "2400+10"]

1. d4 Nf6 2. Bf4 g6 3. Nf3 Bg7 4. e3 d6 5. Bc4 Nbd7 6. O-O O-O 7. h3 a5 8.
Nbd2 Nb6 9. Be2 Nfd7 10. c3 e5 11. dxe5 dxe5 12. Bh2 f5 13. Qb3+ Kh8 14.
Rad1 Qe7 15. Nc4 f4 16. exf4 exf4 17. Nxb6 Nxb6 18. Qc2 Bf5 19. Bd3 Bxd3 20.
Rxd3 Rad8 21. Re1 Qf7 22. b3 Qf5 23. Red1 Rde8 24. Qd2 a4 25. c4 Nc8 26. Rd7
axb3 27. axb3 Rf7 28. Rxf7 Qxf7 29. Bxf4 Na7 30. Be3 Nc6 31. Qd7 Re7 32.
Qc8+ Bf8 33. Qxb7 Ne5 34. Nxe5 Rxe5 35. Rd5 Re6 36. Qc8 Qf5 37. Rxf5
{Black resigns}
1-0

[Event "ICC tourney 2714 (40 10)"]
[Site "Internet Chess Club"]
[Date "2021.10.23"]
[Round "2"]
[White "MORGAN, CHARLES C:Chasly"]
[Black "QI, JENNY:eevee11"]
[Result "0-1"]
[ICCResult "White resigns"]
[WhiteElo "714"]
[BlackElo "1394"]
[Opening "Bishop's opening"]
[ECO "C23"]
[NIC "IG.04"]
[Time "13:15:31"]
[PlyCount "128"]
[TimeControl "2400+10"]

1. e4 e5 2. Bc4 Nc6 3. a3 Nf6 4. d3 Be7 5. Bg5 O-O 6. Qc1 d5 7. exd5 Nxd5 8.
Bxe7 Ndxe7 9. Nc3 Bd7 10. Qd2 Nd4 11. O-O-O Bc6 12. f3 Nd5 13. Nge2 Qd7 14.
Kb1 Rad8 15. Ng3 Nb6 16. Ba2 Na4 17. Nge4 Nxc3+ 18. Qxc3 Rde8 19. Qd2 b6 20.
Qg5 Qe7 21. Qd2 Ba4 22. Rc1 Rd8 23. Nc3 Bc6 24. Rhe1 Qf6 25. Ne4 Bxe4 26.
fxe4 c5 27. Rf1 Qg6 28. Rf2 Ne6 29. Rcf1 h6 30. Rf3 Ng5 31. Re3 Qd6 32. Bd5
Ne6 33. Ref3 Nf4 34. g3 Nxd5 35. exd5 Qxd5 36. Re3 Rfe8 37. Re4 b5 38. Qa5
Qb7 39. Rfe1 f6 40. g4 Rd6 41. h4 Qb6 42. Qd2 c4 43. d4 Red8 44. c3 exd4 45.
Re8+ Rxe8 46. Rxe8+ Kf7 47. Qe2 Re6 48. Rxe6 Qxe6 49. Qxe6+ Kxe6 50. cxd4
Kd5 51. Kc2 Kxd4 52. h5 a5 53. b3 cxb3+ 54. Kxb3 Ke4 55. Kc3 Kf4 56. Kd4
Kxg4 57. Kc5 f5 58. Kxb5 f4 59. Kxa5 f3 60. Kb6 f2 61. a4 f1=Q 62. a5 Qf6+
63. Kb7 Qb2+ 64. Ka6 Kf5 {White resigns} 0-1

[Event "ICC tourney 2714 (40 10)"]
[Site "Internet Chess Club"]
[Date "2021.10.23"]
[Round "2"]
[White "Zhan, Jayden Zihan:Viperchess001"]
[Black "LI, MASON JIN:K03-16739697"]
[Result "1/2-1/2"]
[ICCResult "Game drawn by mutual agreement"]
[WhiteElo "1162"]
[BlackElo "1369"]
[Opening "Caro-Kann: Tartakower (Nimzovich) variation"]
[ECO "B15"]
[NIC "CK.06"]
[Time "13:15:36"]
[PlyCount "97"]
[TimeControl "2400+10"]

1. e4 c6 2. d4 d5 3. Nc3 dxe4 4. Nxe4 Nf6 5. Nxf6+ exf6 6. Nf3 Bd6 7. Be3
Be6 8. Bd3 Nd7 9. c3 a5 10. Bc2 Qc7 11. Qe2 a4 12. c4 Bb4+ 13. Bd2 Bxd2+ 14.
Nxd2 O-O 15. O-O f5 16. Qf3 Qa5 17. Qe2 Nf6 18. Bd3 Rad8 19. Nf3 Rfe8 20.
Qc2 h6 21. b3 a3 22. Rab1 Qb4 23. Bxf5 Bxf5 24. Qxf5 Re2 25. Ra1 Rde8 26.
Ne5 Qc3 27. Rfd1 c5 28. Qd3 Qxd3 29. Nxd3 cxd4 30. h3 Ne4 31. Re1 Nc3 32.
Kf1 Rxe1+ 33. Nxe1 Re2 34. f3 Rxa2 35. Rxa2 Nxa2 36. Nc2 Nc1 37. Nxa3 Nxb3
38. Ke2 Kf8 39. Kd3 Ke7 40. Nc2 Kd6 41. Nxd4 Nxd4 42. Kxd4 b6 43. f4 f5 44.
h4 h5 45. g3 g6 46. Ke3 Kc5 47. Kd3 Kc6 48. Kd4 Kd6 49. Ke3
{Game drawn by mutual agreement}
1/2-1/2

[Event "ICC tourney 2714 (40 10)"]
[Site "Internet Chess Club"]
[Date "2021.10.23"]
[Round "2"]
[White "Mathur, Pranit:pmathur06"]
[Black "LA BRECHE, NATHANAEL JOHN:aWildNateDawg"]
[Result "0-1"]
[ICCResult "White checkmated"]
[WhiteElo "716"]
[BlackElo "1337"]
[Opening "QGD: 3.Nc3"]
[ECO "D31"]
[NIC "QP.08"]
[Time "13:16:23"]
[PlyCount "136"]
[TimeControl "2400+10"]

1. d4 d5 2. c4 e6 3. Nc3 Bb4 4. Bd2 Nf6 5. a3 Bxc3 6. Bxc3 O-O 7. Nf3 Nc6 8.
e3 Ne4 9. Bb4 Nxb4 10. axb4 dxc4 11. Bxc4 Qd6 12. O-O Qxb4 13. Qc2 Nf6 14.
Nd2 Bd7 15. Rac1 Rac8 16. Ba2 Bb5 17. Rfd1 Rfd8 18. Bb1 g6 19. h3 a5 20. Qc3
Qxc3 21. Rxc3 b6 22. Ne4 Nd5 23. Rcc1 Ba6 24. Nc3 Nxc3 25. Rxc3 c5 26. Rdc1
cxd4 27. exd4 Kg7 28. Rd1 Rxc3 29. bxc3 Rc8 30. Rc1 a4 31. Ba2 Bc4 32. Bb1
Bb3 33. Bd3 a3 34. Ba6 Ra8 35. Bb7 Ra7 36. Ra1 Rxb7 37. Rxa3 Bd5 38. Ra1 Rc7
39. Rc1 b5 40. Kh2 b4 41. Rb1 bxc3 42. Rc1 c2 43. Kg3 Rc3+ 44. Kf4 Bxg2 45.
d5 Bxd5 46. Ke5 Bf3 47. Kd4 Rc7 48. Ke3 Bd1 49. Kd2 Rb7 50. Rxc2 Bxc2 51.
Kxc2 Ra7 52. Kd3 Ra3+ 53. Ke2 Rxh3 54. Kf1 h5 55. Kg2 Rc3 56. f4 Kf6 57. f5
Kxf5 58. Kh1 Rg3 59. Kh2 Kf4 60. Kh1 Rb3 61. Kg2 e5 62. Kf1 Rb2 63. Ke1 Kf3
64. Kd1 Ke3 65. Kc1 Rg2 66. Kb1 Kd3 67. Kc1 Rf2 68. Kd1 Rf1# {White
checkmated} 0-1

[Event "ICC tourney 2714 (40 10)"]
[Site "Internet Chess Club"]
[Date "2021.10.23"]
[Round "3"]
[White "DELABRE, TONY:tdelabre62"]
[Black "SAWYER, TIMOTHY A:tasawyer81"]
[Result "1-0"]
[ICCResult "Black resigns"]
[WhiteElo "1177"]
[BlackElo "771"]
[Opening "Philidor: Improved Hanham variation"]
[ECO "B07"]
[NIC "PU.08"]
[Time "15:30:20"]
[PlyCount "31"]
[TimeControl "2400+10"]

1. e4 d6 2. d4 Nf6 3. Nc3 Nbd7 4. Nf3 e5 5. dxe5 dxe5 6. Bg5 Be7 7. Qd2 O-O
8. O-O-O c5 9. h4 h6 10. Bxf6 Bxf6 11. Nd5 b6 12. g4 Bb7 13. g5 hxg5 14.
hxg5 Be7 15. Nxe7+ Qxe7 16. Qxd7 {Black resigns} 1-0

[Event "ICC tourney 2714 (40 10)"]
[Site "Internet Chess Club"]
[Date "2021.10.23"]
[Round "3"]
[White "LABELLE, MATTHEW NICHOLAS:LaBelleM"]
[Black "FOX, MICHAEL:CajunWyoCowboy"]
[Result "1-0"]
[ICCResult "Black resigns"]
[WhiteElo "1125"]
[BlackElo "1057"]
[Opening "Sicilian: Grand Prix attack"]
[ECO "B23"]
[NIC "SI.44"]
[Time "15:30:20"]
[PlyCount "39"]
[TimeControl "2400+10"]

1. e4 c5 2. Nc3 Nc6 3. f4 e6 4. Nf3 d5 5. Bb5 Bd7 6. O-O a6 7. Bxc6 Bxc6 8.
d4 c4 9. e5 f6 10. Nh4 fxe5 11. Qh5+ g6 12. Nxg6 hxg6 13. Qxh8 Nf6 14. fxe5
Qe7 15. exf6 Qf7 16. Bh6 O-O-O 17. Bxf8 Rxf8 18. Qg7 Qxg7 19. fxg7 Rg8 20.
Rf8+ {Black resigns} 1-0

[Event "ICC tourney 2714 (40 10)"]
[Site "Internet Chess Club"]
[Date "2021.10.23"]
[Round "3"]
[White "Lee, Eli:elilee"]
[Black "SCHEFF, HOLDEN:K05-30152348"]
[Result "1-0"]
[ICCResult "Black checkmated"]
[WhiteElo "694"]
[BlackElo "327"]
[Opening "Giuoco Pianissimo: Canal variation"]
[ECO "C55"]
[NIC "IG.01"]
[Time "15:30:22"]
[PlyCount "135"]
[TimeControl "2400+10"]

1. e4 e5 2. Nf3 Nc6 3. Bc4 Nf6 4. d3 Bc5 5. Nc3 d6 6. Bg5 Bg4 7. h3 Be6 8.
Nd5 Bxd5 9. Bxd5 h6 10. Bh4 g5 11. Bg3 Nxd5 12. exd5 Ne7 13. c4 Qd7 14. Qb3
Ng6 15. Qxb7 Ke7 16. Qc6 Qxc6 17. dxc6 Rab8 18. b3 Bb4+ 19. Nd2 Bxd2+ 20.
Kxd2 Rb6 21. Rhe1 Rxc6 22. d4 Rb6 23. dxe5 dxe5 24. Bxe5 Nxe5 25. Rxe5+ Re6
26. Rxe6+ Kxe6 27. Ke3 Re8 28. Re1 Kd6+ 29. Kd2 Rxe1 30. Kxe1 Kc5 31. Kd2
Kb4 32. Kc2 Ka3 33. Kb1 f6 34. g4 c6 35. f3 a6 36. Ka1 c5 37. Kb1 a5 38. Ka1
a4 39. bxa4 Kxa4 40. Kb2 Kb4 41. a3+ Kxc4 42. Kc2 Kb5 43. Kb3 c4+ 44. Kc3
Kc5 45. a4 Kb6 46. Kxc4 Ka5 47. Kd5 Kxa4 48. Ke4 Kb5 49. Kf5 Kc4 50. Kxf6
Kd3 51. Kg6 Ke3 52. Kxh6 Kxf3 53. Kxg5 Kg3 54. h4 Kh3 55. h5 Kg3 56. h6 Kf3
57. h7 Ke4 58. h8=Q Kd5 59. Kh6 Ke4 60. g5 Kf5 61. g6 Ke6 62. g7 Kf5 63.
g8=Q Ke4 64. Qe6+ Kd3 65. Qd8+ Kc3 66. Qc6+ Kb3 67. Qb8+ Ka3 68. Qa6#
{Black checkmated}
1-0

[Event "ICC tourney 2714 (40 10)"]
[Site "Internet Chess Club"]
[Date "2021.10.23"]
[Round "3"]
[White "HARWIN, JACOB FLYNN:jharwin2011"]
[Black "Mathur, Pranit:pmathur06"]
[Result "0-1"]
[ICCResult "White checkmated"]
[WhiteElo "965"]
[BlackElo "716"]
[Opening "QGD semi-Slav"]
[ECO "D43"]
[NIC "SL.03"]
[Time "15:30:28"]
[PlyCount "64"]
[TimeControl "2400+10"]

1. d4 d5 2. c4 c6 3. Nc3 Nf6 4. Nf3 e6 5. Bg5 Be7 6. cxd5 cxd5 7. e3 Ne4 8.
Nxe4 dxe4 9. Bxe7 Qxe7 10. Ne5 Nd7 11. Qc2 Nxe5 12. dxe5 O-O 13. Qxe4 Rb8
14. Bd3 g6 15. O-O b5 16. f4 Bb7 17. Qd4 Rfd8 18. Qc3 b4 19. Qd2 Ba6 20. Qf2
Bxd3 21. Rfd1 Ba6 22. Re1 Rd7 23. a3 Rbd8 24. axb4 Bb5 25. Ra5 a6 26. h3
Qxb4 27. Raa1 Rd2 28. Qg3 Rxb2 29. Qh4 Rdd2 30. Rac1 Rxg2+ 31. Kh1 Rh2+ 32.
Kg1 Rbg2# {White checkmated} 0-1

[Event "ICC tourney 2714 (40 10)"]
[Site "Internet Chess Club"]
[Date "2021.10.23"]
[Round "3"]
[White "MCAVOY, JESSE COLE:BlueDuck"]
[Black "MADSEN, STUART:gmstuartscott"]
[Result "1-0"]
[ICCResult "Black checkmated"]
[WhiteElo "899"]
[BlackElo "674"]
[Opening "King's gambit"]
[ECO "C30"]
[NIC "KG.05"]
[Time "15:30:24"]
[PlyCount "59"]
[TimeControl "2400+10"]

1. e4 e5 2. f4 f5 3. exf5 e4 4. Qh5+ g6 5. fxg6 Qe7 6. g7+ Qf7 7. Qxf7+ Kxf7
8. gxh8=Q Nf6 9. Bc4+ Ke7 10. g4 Nc6 11. g5 d5 12. Qxf6+ Ke8 13. Bb5 Bd7 14.
Bxc6 Bxc6 15. Qe5+ Be7 16. Qh8+ Bf8 17. Qe5+ Be7 18. Qe6 Bd7 19. Qg8+ Bf8
20. Qxd5 Rb8 21. Qe5+ Be7 22. Qxc7 Rc8 23. Qxb7 Rxc2 24. Qb8+ Bd8 25. Qe5+
Be7 26. Nc3 Bg4 27. Qxe4 Rxc3 28. bxc3 Bh5 29. Ba3 Bg6 30. Qxe7#
{Black checkmated}
1-0

[Event "ICC tourney 2714 (40 10)"]
[Site "Internet Chess Club"]
[Date "2021.10.23"]
[Round "3"]
[White "SARAVIA, KYLE AUSTIN:Kyle45"]
[Black "OUYANG, RAYMOND:Raymosaurus"]
[Result "0-1"]
[ICCResult "White checkmated"]
[WhiteElo "1289"]
[BlackElo "812"]
[Opening "Scotch: Schmidt variation"]
[ECO "C45"]
[NIC "SO.04"]
[Time "15:30:18"]
[PlyCount "126"]
[TimeControl "2400+10"]

1. e4 e5 2. Nf3 Nc6 3. d4 exd4 4. Nxd4 Nf6 5. Bg5 h6 6. Bxf6 Qxf6 7. c3 Bc5
8. Nf3 d6 9. Nbd2 Bd7 10. Bc4 a6 11. a4 Bb6 12. O-O O-O 13. h3 Rfe8 14. Re1
Ne5 15. Nxe5 Rxe5 16. Nf3 Ree8 17. a5 Ba7 18. Qd5 Bc6 19. Qf5 Bxe4 20. Qxf6
gxf6 21. Nd2 Bc6 22. b4 Re5 23. Kf1 Rg5 24. g3 Rf5 25. f4 Kf8 26. Bd3 Rd5
27. Ke2 Re8+ 28. Ne4 Bb5 29. c4 Bxc4 30. Bxc4 Rxe4+ 31. Kf3 Rxc4 32. Rab1
Rd3+ 33. Kg4 Bf2 34. Rec1 Rxg3+ 35. Kf5 Rxc1 36. Rxc1 c6 37. Kxf6 Rxh3 38.
b5 axb5 39. a6 bxa6 40. Rxc6 Ke8 41. Rxa6 h5 42. Rxd6 h4 43. Rd5 Rf3 44. Kg5
h3 45. Re5+ Kd7 46. Kg4 h2 47. Rh5 Rg3+ 48. Kf5 Rg2 49. Ke4 Bg3 50. Kf3 Rg1
51. Rd5+ Kc6 52. Rh5 Bxf4 53. Kxf4 h1=Q 54. Rxh1 Rxh1 55. Kf5 b4 56. Kf6 b3
57. Kxf7 b2 58. Ke6 b1=Q 59. Ke5 Qe1+ 60. Kf4 Rh4+ 61. Kg5 Qg3+ 62. Kf5 Rf4+
63. Ke5 Qe3# {White checkmated} 0-1